[Event "Titled Tuesday Blitz September 27 Early 2022"]
[White "Ribeiro, Matheus Mendes Domingues"]
[Black "Domingo Nunez, Ruben"]
[WhiteFideId "324226923"]
[BlackFideId "22245570"]
[WhiteElo "2047"]
[BlackElo "2406"]
[Result "0-1"]
[Round "08"]
[TimeControl "180+1"]
[Date "2022.09.27"]
[WhiteClock "0:00:14"]
[BlackClock "0:00:14"]

1. c4 b6 2. Nf3 Bb7 3. g3 g6 4. Bg2 Bg7 5. O-O Nf6 6. Nc3 O-O 7. d4 Ne4 8. Qd3 Nxc3 9. bxc3 Nc6 10. e4 Ba6 11. Bf4 Rc8 12. Nd2 e5 13. Be3 Qe7 14. Nb3 Qa3 15. Rfb1 Rfe8 16. d5 Nd8 17. Bf1 Nb7 18. Qd2 Qa4 19. Qd3 c6 20. dxc6 dxc6 21. Qd7 Rcd8 22. Qg4 Bxc4 23. Bxc4 Qxc4 24. Rd1 Nd6 25. f3 Qxc3 26. Bf2 h5 27. Qg5 Qxf3 28. Nd2 Qe2 29. Re1 Qd3 30. Rad1 Qc2 31. Nf3 Kh7 32. g4 Nxe4 33. Rxd8 Qxf2+ 34. Kh1 Qxf3+ 35. Kg1 Qf2+ 36. Kh1 Qxe1+ 37. Kg2 Qf2+ 38. Kh1 Qf1# 0-1


[Site "https://www.chess.com"]

[Event "Titled Tuesday Blitz September 27 Early 2022"]
[White "Rios Escobar, Adan"]
[Black "Marin Ramirez, Gerardo"]
[WhiteFideId "3403645"]
[BlackFideId "3901068"]
[WhiteElo "2326"]
[BlackElo "1920"]
[Result "1-0"]
[Round "08"]
[TimeControl "180+1"]
[Date "2022.09.27"]
[WhiteClock "0:02:03"]
[BlackClock "0:00:10"]

1. d4 d5 2. g3 c6 3. c4 Nf6 4. Nf3 Bf5 5. Nc3 e6 6. Nh4 Bg4 7. h3 Bh5 8. g4 Nfd7 9. Qb3 b6 10. Bg2 Qxh4 11. cxd5 exd5 12. Nxd5 Bd6 13. Qe3+ Kf8 14. gxh5 Na6 15. Qd3 1-0


[Site "https://www.chess.com"]

[Event "Titled Tuesday Blitz September 27 Early 2022"]
[White "Ronka, Erik"]
[Black "Odegov, Artem"]
[WhiteFideId "505080"]
[BlackFideId "34183644"]
[WhiteElo "2264"]
[BlackElo "2286"]
[Result "1-0"]
[Round "08"]
[TimeControl "180+1"]
[Date "2022.09.27"]
[WhiteClock "0:01:47"]
[BlackClock "0:00:55"]

1. e4 e6 2. d4 d5 3. Nc3 Bb4 4. e5 c5 5. a3 Bxc3+ 6. bxc3 Ne7 7. Qg4 cxd4 8. Qxg7 Rg8 9. Qxh7 Qc7 10. Qd3 dxc3 11. Nf3 Bd7 12. h4 Nbc6 13. Bf4 Ng6 14. Bg3 Ngxe5 15. Qxc3 Nxf3+ 16. Qxf3 Qa5+ 17. c3 O-O-O 18. Be2 e5 19. O-O Bg4 20. Qe3 d4 21. cxd4 Bxe2 22. Qxe2 Rxd4 23. Rfd1 f6 24. Rxd4 Nxd4 25. Qc4+ Kd7 26. Qxg8 Qc3 27. Qf7+ Kc8 28. Rb1 b6 29. Qxf6 Qc2 30. Rf1 Qd3 31. Bxe5 Ne2+ 32. Kh2 Qe4 33. Qf8+ Kb7 34. Qf3 Qxf3 35. gxf3 a5 36. h5 b5 37. h6 b4 38. axb4 axb4 39. h7 Nc3 40. Bxc3 bxc3 41. h8=Q c2 42. Qc3 c1=Q 43. Rxc1 Kb6 44. Rb1+ Ka6 45. Qa1# 1-0


[Site "https://www.chess.com"]

[Event "Titled Tuesday Blitz September 27 Early 2022"]
[White "Rosen, Eric"]
[Black "Avazkhonov, Alikhon"]
[WhiteFideId "2032562"]
[BlackFideId "14208504"]
[WhiteElo "2362"]
[BlackElo "1739"]
[Result "0-1"]
[Round "08"]
[TimeControl "180+1"]
[Date "2022.09.27"]
[WhiteClock "0:00:03"]
[BlackClock "0:00:44"]

1. d4 Nf6 2. Bf4 d5 3. e3 e6 4. Nf3 Bd6 5. Ne5 O-O 6. Nd2 c5 7. c3 b6 8. h4 Bb7 9. Bd3 Nc6 10. h5 Qc7 11. Nxc6 Bxc6 12. Qf3 e5 13. dxe5 Bxe5 14. Bxe5 Qxe5 15. h6 g6 16. O-O-O Ne4 17. Qe2 Nxd2 18. Rxd2 Rab8 19. Bb5 Bb7 20. f4 Qe4 21. Re1 a6 22. Bd3 Qe7 23. g4 Rfe8 24. g5 b5 25. Bc2 Rbd8 26. Qf2 d4 27. cxd4 cxd4 28. e4 Qb4 29. Kb1 d3 30. Bb3 Bxe4 31. Red1 Bf5 32. Qb6 Rd6 0-1


[Site "https://www.chess.com"]

[Event "Titled Tuesday Blitz September 27 Early 2022"]
[White "Rosenberg, Evan S"]
[Black "Ovchinnikov, Vsevolod"]
[WhiteFideId "2019299"]
[BlackFideId "24176842"]
[WhiteElo "2362"]
[BlackElo "2376"]
[Result "1-0"]
[Round "08"]
[TimeControl "180+1"]
[Date "2022.09.27"]
[WhiteClock "0:00:17"]
[BlackClock "0:00:11"]

1. Nf3 Nf6 2. c4 g6 3. Nc3 d5 4. cxd5 Nxd5 5. h4 h6 6. e4 Nxc3 7. dxc3 Qxd1+ 8. Kxd1 Bg4 9. Bf4 c6 10. a4 Nd7 11. Kc2 Bg7 12. Be2 Nc5 13. e5 Bf5+ 14. Kd1 O-O-O+ 15. Ke1 Nd3+ 16. Bxd3 Bxd3 17. a5 Rd5 18. a6 Bxa6 19. e6 fxe6 20. Be3 Kb8 21. Nd4 Bxd4 22. Bxd4 e5 23. Be3 h5 24. Rh3 Rhd8 25. Rg3 R5d6 26. Rg5 Re6 27. f3 Rd5 28. Kf2 c5 29. f4 Kc8 30. f5 gxf5 31. Rxf5 Rf6 32. Rxf6 exf6 33. Ra5 Kd7 34. b4 Kc6 35. Bxc5 Rd7 36. Be3 Bc4 37. Rc5+ Kd6 38. Rxc4 b6 39. g4 hxg4 40. Rxg4 Ke6 41. h5 Rh7 42. h6 Kf7 43. Rc4 Kg6 44. Kg3 f5 45. Rc6+ Kh5 46. Bd2 f4+ 47. Kf3 Rxh6 48. Rxh6+ Kxh6 49. Ke4 Kh5 50. Kxe5 f3 51. Be3 Kg4 52. Ke4 Kg3 53. c4 f2 54. Bxf2+ Kxf2 55. c5 a5 56. cxb6 a4 57. b7 a3 58. b8=Q a2 59. Qa8 a1=Q 60. Qxa1 1-0


[Site "https://www.chess.com"]

[Event "Titled Tuesday Blitz September 27 Early 2022"]
[White "Rostovtsev, Dmitry"]
[Black "Danielyan, Vahe"]
[WhiteFideId "34278320"]
[BlackFideId "13304828"]
[WhiteElo "2313"]
[BlackElo "2421"]
[Result "1-0"]
[Round "08"]
[TimeControl "180+1"]
[Date "2022.09.27"]
[WhiteClock "0:00:11"]
[BlackClock "0:00:12"]

1. e4 d5 2. exd5 Qxd5 3. Nc3 Qe5+ 4. Be2 Bg4 5. d4 Bxe2 6. Ngxe2 Qa5 7. b4 Qh5 8. O-O Nf6 9. Bf4 c6 10. Rb1 Nbd7 11. b5 e6 12. bxc6 bxc6 13. Qd3 Be7 14. Rb7 O-O 15. Rfb1 Rfd8 16. Qd1 c5 17. Ng3 Qxd1+ 18. Rxd1 cxd4 19. Nb5 a6 20. Nc7 Nc5 21. Rbb1 Rac8 22. h3 h6 23. Re1 g5 24. Be5 Nfd7 25. Bxd4 Rxc7 26. Nf5 Bf8 27. Ne3 f6 28. Bc3 Rdc8 29. Ba5 Rb7 30. Rbd1 Ne5 31. c4 Kf7 32. Bc3 Ncd7 33. Re2 Bb4 34. Ba1 Bc5 35. Nc2 Nxc4 36. Ne1 Nde5 37. Kh2 h5 38. g3 g4 39. Kg2 Rcc7 40. Rc2 Bb4 41. Rdc1 Bxe1 42. Rxe1 Rd7 43. Rec1 Rb4 44. a3 Nxa3 45. Rc8 Nac4 46. Rh8 Kg7 47. Rxh5 gxh3+ 48. Rxh3 Ra4 49. Rch1 Kg6 50. Rh8 Kf5 51. R1h4 Nf7 52. Rg8 Ng5 53. Rf4# 1-0


[Site "https://www.chess.com"]

[Event "Titled Tuesday Blitz September 27 Early 2022"]
[White "Rustemov, Alexander"]
[Black "Le, Tuan Minh"]
[WhiteFideId "4119002"]
[BlackFideId "12401153"]
[WhiteElo "2829"]
[BlackElo "2530"]
[Result "1-0"]
[Round "08"]
[TimeControl "180+1"]
[Date "2022.09.27"]
[WhiteClock "0:00:09"]
[BlackClock "0:00:04"]

1. d4 d5 2. c4 c6 3. cxd5 cxd5 4. Nf3 Nf6 5. Nc3 Nc6 6. Bf4 a6 7. Rc1 e6 8. e3 Bd6 9. Bxd6 Qxd6 10. Bd3 Bd7 11. O-O O-O 12. Na4 Nb4 13. Nc3 Rac8 14. a3 Nxd3 15. Qxd3 Rc7 16. Rc2 Rfc8 17. Rfc1 Qb6 18. Ne5 Be8 19. f3 g6 20. Kf2 Qb3 21. Ke1 Bb5 22. Qd2 Kg7 23. Kd1 Bc4 24. Nb1 Bb5 25. Nc3 Be8 26. Nd3 Nd7 27. Nb1 Rc4 28. Ne1 Nb6 29. Ke2 Bb5 30. Kf2 Na4 31. Nc3 Nxc3 32. Rxc3 Rxc3 33. Rxc3 Rxc3 34. Qxc3 Qd1 35. Qc2 Qa1 36. h4 h5 37. Qd2 a5 38. Qc2 Bc4 39. Qd2 b5 40. f4 Qa2 41. Nf3 Qb1 42. Ne5 Qf1+ 43. Kg3 a4 44. Nf3 Qb1 45. Qc3 Qf5 46. Kh2 Qg4 47. Qd2 Kg8 48. Qf2 Qf5 49. Ne5 Kg7 50. Qg3 Qe4 51. Qf2 Bb3 52. Qd2 Bc4 53. Nf3 Qb1 54. Ne5 Qa1 55. Qb4 Qb1 56. Qe7 Qf5 57. Kg3 Bb3 58. Nd7 Qg4+ 59. Kf2 Qf5 60. Qf8+ Kh7 61. Qd8 Bc2 62. Nf6+ Kg7 63. Ne8+ Kh7 64. Qf6 Qxf6 65. Nxf6+ Kg7 66. Nd7 f6 67. Nc5 Kf7 68. Ke1 Ke7 69. Kd2 Be4 70. g3 Kd6 71. Kc3 Bg2 72. Kb4 Bf1 73. Ka5 e5 74. Kb6 exd4 75. exd4 Be2 76. Ka5 Bf1 77. Kb4 Be2 78. Kc3 Bg4 79. Kd3 Bf5+ 80. Kc3 Bg4 81. Kd2 Ke7 82. Ke3 Kd6 83. Nd3 Bf5 84. Nb4 Be4 85. Na2 Kc6 86. Nc3 Bc2 87. Kf2 Bf5 88. Kf3 Bg4+ 89. Ke3 Bf5 90. Kf3 Be6 91. Ke3 Kb6 92. Na2 Kc6 93. Nb4+ Kd6 94. Kf3 Bf5 95. Ke3 Bb1 96. Kf3 Ke6 97. Ke3 Bf5 98. Kf3 Bh3 99. Ke3 Bg2 100. Kf2 Be4 101. Ke3 Kf5 102. Kf2 Bb1 103. Nxd5 Ba2 104. Nc3 Bc4 105. d5 g5 106. fxg5 fxg5 107. hxg5 Kxg5 108. Ke3 Kg4 109. d6 Be6 110. Ne4 Bc8 111. Nf6+ Kxg3 112. Nxh5+ Kg2 113. Nf6 Kf1 114. Kd2 Kf2 115. d7 Bxd7 116. Nxd7 1-0


[Site "https://www.chess.com"]

[Event "Titled Tuesday Blitz September 27 Early 2022"]
[White "Sadykov, Ramil"]
[Black "Maung, Maung Kyaw Zaw Hein"]
[WhiteFideId "24113590"]
[BlackFideId "13001698"]
[WhiteElo "2243"]
[BlackElo "1785"]
[Result "1-0"]
[Round "08"]
[TimeControl "180+1"]
[Date "2022.09.27"]
[WhiteClock "0:00:43"]
[BlackClock "0:01:09"]

1. e4 c6 2. Nc3 d5 3. Nf3 Bg4 4. h3 Bxf3 5. Qxf3 e6 6. d4 dxe4 7. Qe3 Nd7 8. Nxe4 Ngf6 9. c3 Rc8 10. Bd3 Be7 11. O-O O-O 12. Re1 c5 13. dxc5 Nxc5 14. Nxc5 Bxc5 15. Qf3 Qd5 16. Qxd5 Nxd5 17. a4 Rfd8 18. Be4 Rc7 19. a5 a6 20. Ra4 Nf6 21. Bf3 Rcd7 22. Rc4 Be7 23. Kf1 g6 24. g3 Kg7 25. h4 h5 26. Be3 Nd5 27. Bc5 Rc8 28. Bd4+ e5 29. Bxe5+ f6 30. Rxc8 fxe5 31. Rxe5 Nf6 32. Re6 Kf7 33. Rb6 1-0


[Site "https://www.chess.com"]

[Event "Titled Tuesday Blitz September 27 Early 2022"]
[White "Sai Han Thiha"]
[Black "Dushyant Sharma"]
[WhiteFideId "13012290"]
[BlackFideId "25065130"]
[WhiteElo "1791"]
[BlackElo "2144"]
[Result "1-0"]
[Round "08"]
[TimeControl "180+1"]
[Date "2022.09.27"]
[WhiteClock "0:00:19"]
[BlackClock "0:00:03"]

1. d4 d5 2. c4 e6 3. Nc3 c6 4. Nf3 f5 5. Bf4 Bd6 6. e3 Nf6 7. Bd3 O-O 8. O-O Qc7 9. Ne2 Nbd7 10. Rc1 Ne4 11. b4 b6 12. b5 c5 13. cxd5 exd5 14. dxc5 Ndxc5 15. Bxe4 fxe4 16. Qxd5+ Be6 17. Qxd6 Qxd6 18. Bxd6 exf3 19. Nf4 fxg2 20. Rfd1 Rfe8 21. Bxc5 bxc5 22. Rxc5 Bxa2 23. Kxg2 Re7 24. Ra1 Bb3 25. b6 Rb7 26. Rb5 Bc4 27. Rb4 Bf7 28. Rxa7 Raxa7 29. bxa7 Rxa7 30. Rb8+ Be8 31. Rxe8+ Kf7 32. Re5 Kf6 33. Rb5 g5 34. Nh5+ Kg6 35. Ng3 h6 36. Rb6+ Kg7 37. Nf5+ Kf7 38. Nxh6+ Kg7 39. Nf5+ Kf7 40. Kg3 Ra4 41. f3 Ra1 42. Nd6+ Kg6 43. Ne4+ Kh5 44. Nf6+ Kg6 45. Ng4+ Kg7 46. Ne5 Ra5 47. f4 gxf4+ 48. Kxf4 Ra1 49. e4 1-0


[Site "https://www.chess.com"]

[Event "Titled Tuesday Blitz September 27 Early 2022"]
[White "Salman, Pavel"]
[Black "Rama, Tejas"]
[WhiteFideId "24153753"]
[BlackFideId "30907381"]
[WhiteElo "2039"]
[BlackElo "1513"]
[Result "1-0"]
[Round "08"]
[TimeControl "180+1"]
[Date "2022.09.27"]
[WhiteClock "0:00:48"]
[BlackClock "0:00:09"]

1. Nf3 Nf6 2. g3 g6 3. Bg2 Bg7 4. O-O O-O 5. d3 d5 6. Nbd2 c5 7. e4 Nc6 8. c3 b6 9. Re1 Bb7 10. e5 Ne8 11. d4 e6 12. h4 Rc8 13. Nf1 Nc7 14. Bg5 Qd7 15. h5 cxd4 16. h6 Bh8 17. cxd4 Ba6 18. Ne3 f6 19. exf6 Bxf6 20. Bxf6 Rxf6 21. Ng4 Rf5 22. Bh3 Qe7 23. Rc1 Nb5 24. Nge5 Nxe5 25. Nxe5 Rf6 26. Rxc8+ Bxc8 27. Qd3 Nd6 28. Rc1 Bb7 29. Nc6 Bxc6 30. Rxc6 Ne4 31. Rc8+ Rf8 32. Rxf8+ Kxf8 33. Qa6 Qd7 34. Qa3+ Kf7 35. Qf3+ Ke7 36. Qf4 Qd6 37. Qh4+ g5 38. Qg4 Qb4 39. Qxe6+ Kd8 40. Qd7# 1-0


[Site "https://www.chess.com"]

[Event "Titled Tuesday Blitz September 27 Early 2022"]
[White "Samaganova, Aleksandra"]
[Black "Seifert, Henryk"]
[WhiteFideId "13800221"]
[BlackFideId "1100963"]
[WhiteElo "1864"]
[BlackElo "2120"]
[Result "1-0"]
[Round "08"]
[TimeControl "180+1"]
[Date "2022.09.27"]
[WhiteClock "0:01:39"]
[BlackClock "0:00:10"]

1. c4 c6 2. Nf3 d5 3. e3 Nf6 4. Nc3 g6 5. d4 Bg7 6. Be2 O-O 7. O-O Bg4 8. b3 e6 9. h3 Bxf3 10. Bxf3 Nbd7 11. Bb2 Rc8 12. e4 dxe4 13. Nxe4 Nxe4 14. Bxe4 Qc7 15. Qc2 c5 16. d5 Bxb2 17. Qxb2 exd5 18. Bxd5 b6 19. Rfe1 Rfe8 20. Qc3 Ne5 21. Rad1 Nc6 22. Qf6 Rxe1+ 23. Rxe1 Nd4 24. Re7 1-0


[Site "https://www.chess.com"]

[Event "Titled Tuesday Blitz September 27 Early 2022"]
[White "Sanchez Alvares, Kelvin Antonio"]
[Black "Ahn, Hongjin"]
[WhiteFideId "3906680"]
[BlackFideId "13201492"]
[WhiteElo "2189"]
[BlackElo "1873"]
[Result "0-1"]
[Round "08"]
[TimeControl "180+1"]
[Date "2022.09.27"]
[WhiteClock "0:00:08"]
[BlackClock "0:00:05"]

1. e4 c5 2. Nf3 Nf6 3. Nc3 Nc6 4. d4 cxd4 5. Nxd4 h5 6. Bg5 Qa5 7. Bxf6 gxf6 8. Nb3 Qg5 9. h4 Qg6 10. g3 e6 11. a3 b6 12. Bg2 Bb7 13. Qe2 O-O-O 14. O-O-O d6 15. Kb1 Kb8 16. Nd4 Be7 17. Nxc6+ Bxc6 18. Rd4 Rc8 19. Rhd1 Rc7 20. a4 f5 21. exf5 Qxf5 22. Bxc6 Rxc6 23. Rf4 Qg6 24. Qf3 d5 25. Rxf7 Bb4 26. Qf4+ Ka8 27. Rf6 Qg7 28. Nb5 e5 29. Qxb4 Qxf6 30. Rxd5 Qxf2 31. Qe4 Qf1+ 32. Ka2 Qc4+ 33. Qxc4 Rxc4 34. Rd7 Rxa4+ 35. Kb3 Ra5 36. c4 Rg8 37. Nc7+ Kb8 38. Nd5 Rxg3+ 39. Kb4 Rc5 40. b3 a5+ 41. Ka4 Rg4 42. Re7 Rxh4 43. Rxe5 Rh1 44. Ka3 Kb7 45. Re7+ Ka6 46. Re6 Ka7 47. Nxb6 h4 48. Na4 Rg5 49. Re7+ Kb8 50. Nc3 h3 51. Rh7 h2 52. Kb2 Rg2+ 53. Ka3 Ra1+ 0-1


[Site "https://www.chess.com"]

[Event "Titled Tuesday Blitz September 27 Early 2022"]
[White "Sanchez, Robert"]
[Black "Runets, Ivan"]
[WhiteFideId "2034360"]
[BlackFideId "13511564"]
[WhiteElo "2393"]
[BlackElo "1962"]
[Result "0-1"]
[Round "08"]
[TimeControl "180+1"]
[Date "2022.09.27"]
[WhiteClock "0:00:38"]
[BlackClock "0:00:21"]

1. e4 c5 2. Nf3 e6 3. d4 cxd4 4. Nxd4 Nf6 5. Nc3 d6 6. Be3 a6 7. f3 b5 8. Qd2 Bb7 9. O-O-O Nbd7 10. g4 Nb6 11. g5 Nfd7 12. Bd3 b4 13. Nce2 d5 14. Kb1 Ne5 15. Qe1 Nxd3 16. cxd3 Be7 17. h4 a5 18. e5 Ba6 19. Nc6 Qc7 20. Nxe7 Kxe7 21. Rc1 Bxd3+ 22. Ka1 Nc4 23. Nf4 Bf5 24. Bd4 Qb7 25. Bc5+ Kd7 26. Qd1 Qb5 27. Bd4 Rhc8 28. h5 a4 29. g6 fxg6 30. hxg6 h6 31. Rh5 Rf8 32. Nd3 Bxd3 33. Qxd3 b3 34. a3 Nxa3 35. Qxb5+ Nxb5 0-1


[Site "https://www.chess.com"]

[Event "Titled Tuesday Blitz September 27 Early 2022"]
[White "Saydaliev, Saidakbar"]
[Black "Aizpurua, Patrick Emilio"]
[WhiteFideId "14203693"]
[BlackFideId "6600522"]
[WhiteElo "2265"]
[BlackElo "2378"]
[Result "1-0"]
[Round "08"]
[TimeControl "180+1"]
[Date "2022.09.27"]
[WhiteClock "0:00:17"]
[BlackClock "0:00:07"]

1. e4 e5 2. Nf3 Nc6 3. Bb5 a6 4. Ba4 Nf6 5. O-O Be7 6. d3 b5 7. Bb3 d6 8. a3 O-O 9. Nc3 Be6 10. Nd5 Nb8 11. h3 Nbd7 12. Nxe7+ Qxe7 13. Bg5 c5 14. Bxe6 Qxe6 15. a4 c4 16. Be3 d5 17. exd5 Nxd5 18. Re1 cxd3 19. cxd3 Qd6 20. axb5 axb5 21. Rxa8 Rxa8 22. Qb3 b4 23. Bd2 h6 24. d4 exd4 25. Nxd4 N7f6 26. Nf5 Qd7 27. Ne3 Nf4 28. Bxb4 Rb8 29. Qa3 N6d5 30. Bd6 Rb6 31. Qa8+ Kh7 32. Bxf4 Nxf4 33. Qe4+ Ng6 34. Rd1 Qa7 35. b4 Qa4 36. Rd4 Qa1+ 37. Kh2 Re6 38. Qd3 Qb2 39. Rf4 Rf6 40. Rxf6 gxf6 41. Ng4 h5 42. Ne3 Qxf2 43. Nd5 Qb2 44. Qf5 Kg7 45. Qxh5 Qd2 46. Qf5 Qd4 47. b5 Kf8 48. Nxf6 Qd6+ 49. Kg1 Ne7 50. Qg5 Ng6 51. Ng4 Qb6+ 52. Kh2 Ne7 53. Qh6+ Qxh6 54. Nxh6 Nd5 55. Nf5 Ke8 56. h4 f6 57. h5 Kf7 58. Kg3 Nb6 59. Kg4 Nc4 60. Kf4 Ne5 61. b6 Nd3+ 62. Ke4 Nc5+ 63. Kd5 Nb7 64. Kc6 Na5+ 65. Kc7 Ke6 66. g4 Kf7 67. b7 1-0


[Site "https://www.chess.com"]

[Event "Titled Tuesday Blitz September 27 Early 2022"]
[White "Shandrygin, Nikita"]
[Black "Stremavicius, Titas"]
[WhiteFideId "24198668"]
[BlackFideId "12804444"]
[WhiteElo "2323"]
[BlackElo "2399"]
[Result "0-1"]
[Round "08"]
[TimeControl "180+1"]
[Date "2022.09.27"]
[WhiteClock "0:00:03"]
[BlackClock "0:00:03"]

1. e4 c5 2. Nf3 Nc6 3. d4 cxd4 4. Nxd4 Nf6 5. Nc3 d6 6. f3 e5 7. Nb3 Be7 8. Be3 Be6 9. Qd2 d5 10. exd5 Nxd5 11. Nxd5 Qxd5 12. Qxd5 Bxd5 13. O-O-O O-O-O 14. Bd3 Kc7 15. Be4 Be6 16. Nc5 Bc8 17. g4 b6 18. Nd3 f6 19. h3 Bb7 20. f4 exf4 21. Nxf4 Kb8 22. Ne6 Rd6 23. Nxg7 Ne5 24. Bxb7 Kxb7 25. Nf5 Rxd1+ 26. Rxd1 Bd8 27. Bf4 Bc7 28. Bxe5 Bxe5 29. Rd7+ Ka6 30. Ne7 h5 31. Nc6 hxg4 32. Rxa7+ Kb5 33. Nxe5 gxh3 34. Nf3 h2 35. Nxh2 Rxh2 36. b3 Rf2 37. Kb2 Kc5 38. Rd7 Kc6 39. Rd3 f5 40. a4 Kc5 41. Kc3 Rf1 42. Rd8 f4 43. Rf8 f3 44. Rf5+ Kc6 45. Kd3 f2 46. Ke2 Rc1 47. Rxf2 Rxc2+ 48. Kf1 Rc3 49. Rb2 Kc5 50. Ke1 Kb4 51. Rd2 Rxb3 52. Kd1 Kxa4 53. Kc2 Ka3 54. Rd8 Rh3 55. Rb8 Rh6 56. Kc3 Ka4 57. Kc4 b5+ 58. Kc5 Rh5+ 59. Kd4 Kb3 60. Re8 b4 61. Re3+ Ka2 62. Re2+ Ka3 63. Re8 b3 64. Ra8+ Kb2 65. Kc4 Rh4+ 66. Kd3 Kb1 67. Kc3 Rh3+ 68. Kd2 b2 69. Ra7 Rh5 70. Rg7 Ra5 71. Kc3 Ka1 0-1


[Site "https://www.chess.com"]

[Event "Titled Tuesday Blitz September 27 Early 2022"]
[White "Shapiro, Daniel"]
[Black "Namitbir Singh Walia"]
[WhiteFideId "2001780"]
[BlackFideId "35071068"]
[WhiteElo "2209"]
[BlackElo "1664"]
[Result "1-0"]
[Round "08"]
[TimeControl "180+1"]
[Date "2022.09.27"]
[WhiteClock "0:00:02"]
[BlackClock "0:00:01"]

1. d4 Nf6 2. c4 c5 3. d5 e6 4. Nc3 exd5 5. cxd5 d6 6. e4 g6 7. h3 Bg7 8. Nf3 O-O 9. Bd3 b5 10. Nxb5 Nxe4 11. O-O a6 12. Na3 Nf6 13. Nc4 Bb7 14. Bf4 Nxd5 15. Bxd6 Re8 16. Re1 Nd7 17. Bg3 Qf6 18. Rxe8+ Rxe8 19. Nd6 Rb8 20. Ne4 Qd8 21. Bxb8 Qxb8 22. Qb3 Nb4 23. Neg5 Bd5 24. Bc4 Nb6 25. Bxd5 N4xd5 26. Rd1 c4 27. Qc2 Qf4 28. Qd2 Qf6 29. Re1 h6 30. Re8+ Bf8 31. Ne4 Qc6 32. Rd8 Qc7 33. Rxd5 Nxd5 34. Qxd5 Bg7 35. Nfd2 Bxb2 36. Qxc4 Qf4 37. g3 Qf5 38. Qe2 Be5 39. Nc4 Bg7 40. g4 Qb5 41. Ned2 Qb1+ 42. Kg2 Qxa2 43. Ne3 Qe6 44. Qf3 a5 45. Qd5 Qb6 46. Ne4 1-0


[Site "https://www.chess.com"]

[Event "Titled Tuesday Blitz September 27 Early 2022"]
[White "Shashikant, Kutwal"]
[Black "Carrasco Miranda, Andres"]
[WhiteFideId "5006520"]
[BlackFideId "3405990"]
[WhiteElo "2321"]
[BlackElo "2177"]
[Result "0-1"]
[Round "08"]
[TimeControl "180+1"]
[Date "2022.09.27"]
[WhiteClock "0:00:06"]
[BlackClock "0:00:07"]

1. Nf3 Nf6 2. g3 g6 3. Bg2 Bg7 4. O-O O-O 5. c4 c5 6. Nc3 d5 7. d4 cxd4 8. Qxd4 Nc6 9. Qh4 d4 10. Nd5 e6 11. Nxf6+ Bxf6 12. Bg5 Bxg5 13. Nxg5 h5 14. Rad1 e5 15. f4 f6 16. Bd5+ Kg7 17. Ne6+ Bxe6 18. Bxe6 f5 19. fxe5 Qxh4 20. gxh4 Rfe8 21. Bd5 Rxe5 22. Rf2 Rd8 23. Kf1 Kf6 24. Rf4 Rde8 25. Rd2 Re4 26. Bxe4 Rxe4 27. Rf3 Rxh4 28. Kg2 Re4 29. a3 g5 30. Rb3 b6 31. c5 bxc5 32. Rb7 f4 33. Rc7 Re6 34. Rc2 g4 35. Rxc5 Rxe2+ 36. Kf1 Rxh2 37. R7xc6+ Ke7 38. Rf5 f3 39. Rh6 d3 40. Rhxh5 d2 41. Rd5 d1=Q+ 42. Rxd1 Rxh5 43. Kf2 Rh2+ 44. Ke3 Re2+ 45. Kf4 Rg2 46. b4 f2 47. Rf1 Ke6 48. Ke3 g3 49. Kf3 Rg1 50. Ke2 Rxf1 51. Kxf1 Ke5 52. a4 Ke4 53. Kg2 Ke3 54. Kf1 Kf3 55. b5 g2# 0-1


[Site "https://www.chess.com"]

[Event "Titled Tuesday Blitz September 27 Early 2022"]
[White "Shivika, Rohilla"]
[Black "Ciuffoletti, Paolo"]
[WhiteFideId "45015414"]
[BlackFideId "807630"]
[WhiteElo "1605"]
[BlackElo "2143"]
[Result "0-1"]
[Round "08"]
[TimeControl "180+1"]
[Date "2022.09.27"]
[WhiteClock "0:00:10"]
[BlackClock "0:00:47"]

1. e4 c5 2. Nf3 Nc6 3. d4 cxd4 4. Nxd4 Nf6 5. Nc3 e5 6. Ndb5 d6 7. Bg5 a6 8. Na3 b5 9. Nd5 Be7 10. Bxf6 Bxf6 11. c3 O-O 12. Nc2 Rb8 13. g3 Be7 14. Bg2 Be6 15. Nce3 Qd7 16. O-O Bd8 17. f4 exf4 18. gxf4 Ne7 19. Nxe7+ Qxe7 20. Kh1 Bb6 21. Nd5 Bxd5 22. Qxd5 Rbc8 23. Rad1 Rfd8 24. Rf3 Rc5 25. Qb3 Qxe4 26. Rfd3 Qe7 27. a4 Rh5 28. axb5 axb5 29. Bf3 Rf5 30. Qb4 h6 31. Bg4 Rc5 32. f5 Rc4 33. Qxb5 Rxg4 34. Qxb6 Qe4+ 35. Rf3 Qxf3# 0-1


[Site "https://www.chess.com"]

[Event "Titled Tuesday Blitz September 27 Early 2022"]
[White "Shuvalov, Evgenij"]
[Black "Vignesh, N R"]
[WhiteFideId "4187237"]
[BlackFideId "25012215"]
[WhiteElo "2033"]
[BlackElo "2363"]
[Result "0-1"]
[Round "08"]
[TimeControl "180+1"]
[Date "2022.09.27"]
[WhiteClock "0:01:23"]
[BlackClock "0:01:54"]

1. d4 Nf6 2. c4 e6 3. Nf3 d5 4. Nc3 c6 5. cxd5 exd5 6. Bg5 Bf5 7. Qb3 Qb6 8. Bxf6 Qxb3 9. axb3 gxf6 10. Nh4 Bc2 11. Kd2 Bxb3 12. e4 dxe4 13. Nxe4 Nd7 14. Kc3 Be6 15. Bd3 Be7 16. Ng3 Nb6 17. Nhf5 Nd5+ 18. Kd2 a6 19. Rhe1 Bb4+ 20. Ke2 Nf4+ 21. Ke3 Nxd3 22. Kxd3 Bxe1 23. Rxe1 O-O-O 24. Kc3 Kc7 25. Re4 Rd5 26. Rf4 Rb5 27. b4 a5 28. bxa5 Ra8 29. Ne3 Raxa5 30. Kd3 f5 31. Ke2 Ra2+ 32. Kf3 Rbb2 33. Nh1 Ra3 34. Ng3 Bd5+ 35. Ne4 Bxe4+ 36. Kg3 Rxe3+ 37. fxe3 Rxg2+ 38. Kh3 Rg6 0-1


[Site "https://www.chess.com"]

[Event "Titled Tuesday Blitz September 27 Early 2022"]
[White "Shyaamnikhil P"]
[Black "Murtazin, Ruslan"]
[WhiteFideId "5024218"]
[BlackFideId "24175960"]
[WhiteElo "2273"]
[BlackElo "2212"]
[Result "1-0"]
[Round "08"]
[TimeControl "180+1"]
[Date "2022.09.27"]
[WhiteClock "0:00:09"]
[BlackClock "0:00:02"]

1. d4 Nf6 2. Nf3 g6 3. g3 Bg7 4. Bg2 O-O 5. O-O d6 6. Nbd2 d5 7. a4 a5 8. Ne5 Nbd7 9. Nd3 b6 10. c4 Bb7 11. e3 e6 12. b3 Qb8 13. Ba3 Rd8 14. Qc2 dxc4 15. Nxc4 Bxg2 16. Kxg2 Qb7+ 17. f3 Nd5 18. e4 Nb4 19. Nxb4 axb4 20. Bb2 b5 21. axb5 Rxa1 22. Rxa1 Qxb5 23. Ra5 Qb7 24. Qd2 Nb8 25. d5 Bxb2 26. Nxb2 exd5 27. Rxd5 Rxd5 28. exd5 Nd7 29. Nc4 Nf6 30. Ne3 Qb6 31. h4 h5 32. Qd3 Qc5 33. Kf2 Kg7 34. Qc4 Qd6 35. Kg2 Kg8 36. Kf2 Kh7 37. Kg2 Nd7 38. Kf2 Ne5 39. Qe4 Nd7 40. Qd4 Nf6 41. Qc4 Nd7 42. Qd4 c5 43. Qe4 Nf6 44. Qc4 Nd7 45. Qb5 Ne5 46. Qe8 Qf6 47. f4 Nd3+ 48. Kf3 Kg7 49. Qe4 Qc3 50. d6 Qd2 51. Qd5 Qf2+ 52. Ke4 Nb2 53. Qe5+ Kh7 54. d7 Qd2 55. Qe7 Qd3+ 56. Kf3 Nd1 57. Qxf7+ Kh6 58. Qf8+ Kh7 59. Qe7+ Kh6 60. d8=Q 1-0


[Site "https://www.chess.com"]

[Event "Titled Tuesday Blitz September 27 Early 2022"]
[White "Sipila, Vilka"]
[Black "Zhigalko, Sergei"]
[WhiteFideId "505455"]
[BlackFideId "13502956"]
[WhiteElo "2329"]
[BlackElo "2662"]
[Result "0-1"]
[Round "08"]
[TimeControl "180+1"]
[Date "2022.09.27"]
[WhiteClock "0:01:57"]
[BlackClock "0:01:35"]

1. b3 e5 2. Bb2 d6 3. e3 Nf6 4. c4 c6 5. Nc3 Be7 6. d4 e4 7. d5 O-O 8. Nge2 Bf5 9. Ng3 Bg6 10. h4 h6 11. h5 Bh7 12. Qd4 Na6 13. dxc6 bxc6 14. Ncxe4 Nb4 15. Nxf6+ Bxf6 16. Qd2 Nc2+ 0-1


[Site "https://www.chess.com"]